 Dungeon Crawl Stone Soup version 0.20-a0-924-gfa95efa (webtiles) character file.

352 getnixed the Chopper (level 6, 0/47 HPs)
             Began as a Demonspawn Gladiator on Mar 27, 2017.
             Was a Believer of Ru.
             Succumbed to Ijyb's poison
             ... on level 4 of the Dungeon.
             The game lasted 00:11:51 (3866 turns).

getnixed the Chopper (Demonspawn Gladiator)         Turns: 3866, Time: 00:11:51

Health: 0/47       AC:  8    Str: 15    XL:     6   Next: 35%
Magic:  6/6        EV:  8    Int: 19    God:    Ru [**....]
Gold:   130        SH:  0    Dex: 16    Spells: 5/5 levels left

rFire    . . .     SeeInvis .   a - +0 war axe
rCold    . . .     Gourm    .   (no shield)
rNeg     . . .     Faith    .   g - +0 chain mail
rPois    .         Spirit   .   (helmet restricted)
rElec    .         Reflect  .   (no cloak)
rCorr    .         Harm     .   (no gloves)
MR       .....                  (no boots)
Stlth    ..........             (no amulet)
Regen    0.2/turn               i - +5 ring of intelligence
MPRegen  0.1/turn               u - ring of wizardry

@: brilliant, lethally poisoned (0 -> -51)
A: horns 1, nightstalker 1, unskilled 1
a: Renounce Religion


You were on level 4 of the Dungeon.
You worshipped Ru.
Ru was pleased with you.
You were not hungry.

You visited 1 branch of the dungeon, and saw 4 of its levels.
You also visited: Sewer.

You collected 130 gold pieces.

Inventory:

Hand Weapons
 a - a +0 war axe (weapon)
Armour
 g - a +0 chain mail (worn)
Jewellery
 i - a +5 ring of intelligence (left hand)
 u - a ring of wizardry (right hand)
Scrolls
 b - 3 scrolls of identify
 d - 3 scrolls of teleportation
 l - a scroll of amnesia
 n - a scroll of enchant armour {unknown}
 s - a scroll of remove curse {unknown}
Potions
 c - 2 potions of berserk rage
 h - a potion of might
 p - a potion of heal wounds {unknown}
 v - a potion of resistance {unknown}
Miscellaneous
 r - a phial of floods
Comestibles
 f - a bread ration
 m - a meat ration
 t - a royal jelly


   Skills:
 * Level 3.3 Fighting
 * Level 4.0 Axes
 - Level 1.5 Throwing
 * Level 2.5 Armour
 + Level 3.0 Dodging


You had 5 spell levels left.
You didn't know any spells.

Dungeon Overview and Level Annotations

Branches:
Dungeon (4/15)
 Temple: D:4-7

Altars:
Ashenzari
Fedhas
Makhleb
Ru

Annotations:
D:4 Ijyb


Innate Abilities, Weirdness & Mutations

You have a pair of small horns on your head.
You are slightly more attuned to the shadows.
You are somewhat unskilled. (-1 Apt)


Message History

Your headbutt misses Ijyb.
Ijyb is almost dead.
You feel very sick. Ijyb hits you but does no damage.
You are more poisoned.
You closely miss Ijyb.
Ijyb is almost dead.
* * * LOW HITPOINT WARNING * * *
You feel very sick. Ijyb hits you with a dagger of venom.
* * * LOW HITPOINT WARNING * * *
You are more poisoned.
You barely miss Ijyb. You headbutt Ijyb.
Ijyb is almost dead.
* * * LOW HITPOINT WARNING * * *
You feel very sick. Ijyb closely misses you. Ijyb hits you but does no damage.
You closely miss Ijyb. Your headbutt misses Ijyb.
Ijyb is almost dead.
You die...

#.... #.....
##...... ....#
##....... ......#
#........ ≈........
#.g.....≈≈≈≈.......
#.@....≈.≈≈.≈......
#..≈≈≈≈≈≈≈≈≈≈≈≈≈≈..
#..≈≈≈≈≈≈≈≈≈≈≈≈≈≈..
#......≈.≈≈.≈......
#.......≈≈≈≈.......
#........≈≈........
##.......≈≈.......#
##......≈≈......##
##.†...≈≈.....##


You could see Ijyb.

Vanquished Creatures
  2 bullfrogs (Sewer)
  A hound (D:3)
  A worker ant (D:4)
  8 adders
  An adder skeleton (D:4)
  4 worms
  2 dart slugs (D:3)
  4 leopard geckos
  An orc (D:3)
  5 ball pythons
  12 giant cockroaches
  5 goblins
  7 hobgoblins
  4 quokkas
  5 bats (D:1)
  8 frilled lizards
  8 kobolds
  7 rats
85 creatures vanquished.

Notes
Turn   | Place    | Note
-------+----------+-------------------------------------------
     0 | D:1      | getnixed the Demonspawn Gladiator began the quest for the Orb.
     0 | D:1      | Reached XP level 1. HP: 16/16 MP: 1/1
   393 | D:1      | Reached skill level 1 in Armour
   441 | D:1      | Gained mutation: You have a pair of small horns on your head. [demonic ancestry]
   441 | D:1      | Reached XP level 2. HP: 22/22 MP: 2/2
   986 | D:2      | Found a blossoming altar of Fedhas.
  1026 | D:2      | Reached skill level 3 in Axes
  1045 | D:2      | Reached XP level 3. HP: 3/27 MP: 3/3
  1539 | D:2      | Found a sacrificial altar of Ru.
  1552 | D:2      | Became a worshipper of Ru the Awakened
  1651 | D:2      | Reached XP level 4. HP: 27/34 MP: 4/4
  2067 | D:3      | Found a glowing drain.
  2072 | Sewer    | Entered a sewer
  2467 | Sewer    | Gained mutation: You are slightly more attuned to the shadows. [demonic ancestry]
  2467 | Sewer    | Reached XP level 5. HP: 40/40 MP: 5/5
  2516 | Sewer    | Reached skill level 4 in Axes
  2872 | Sewer    | Reached XP level 6. HP: 34/47 MP: 6/6
  3041 | D:3      | Found a burning altar of Makhleb.
  3778 | D:4      | Found a shattered altar of Ashenzari.
  3834 | D:4      | Gained mutation: You are somewhat unskilled. (-1 Apt) [Ru sacrifice]
  3834 | D:4      | Reached * piety under Ru
  3834 | D:4      | Reached ** piety under Ru
  3840 | D:4      | Noticed Ijyb
  3866 | D:4      | Succumbed to Ijyb's poison

Vault maps used:
D:1:      matt_arrival_los_fun
D:2:      nicolae_ru_sacrificial_ziggurat, fedhas_altar_2
D:3:      portal_sewer_entry_e, makhleb_blood_cavern_becter
D:4:      nicolae_ossuary_entry_ruins, first_bread,
          minmay_misc_feat_four_crosses, kennysheep_cross_room,
          nicolae_ashenzari_panopticon, uniq_iyjb
Sewer:    sewer_frog_island_01

Skill      XL: |  1  2  3  4  5 |
---------------+----------------+-----
Armour         | 1 2 |  2.5
Axes           | 3 4 |  4.0
Dodging        | 3 |  3.0
Fighting       | 3 |  3.3
Throwing       | |  1.5

Action                   |  1- 3 |  4- 6 || total
-------------------------+-------+-------++-------
Melee: War axe           |   128 |   163 ||   291
       Headbutt          |    12 |    30 ||    42
Invok: Sacrifice Skill   |       |     1 ||     1
  Use: Scroll            |     6 |     5 ||    11
       Potion            |       |     7 ||     7
 Stab: Sleeping          |     1 |       ||     1
  Eat: Chunk             |     2 |     2 ||     4
       Bread ration      |       |     2 ||     2
Armor: Leather armour    |    46 |       ||    46
       Chain mail        |     2 |   112 ||   114
       Skin              |       |     4 ||     4
Dodge: Dodged            |   131 |    61 ||   192
